cohdb
Replays
Latest Replays
All Replays
Popular Replays
Top Player Replays
Match Explorer
How It Works
Community
CoH3 Stats
Reddit
Sign in to upload your games and track your stats! →
Sign in with Steam
Match 31381556
Unlisted
Match 31381556
Overview
Messages
Build Orders
End
Construct Infanterie Kompanie
Kettenkrad Recon Vehicle
Selects Luftwaffe Battlegroup
Selects Luftwaffe Pioneer Support
MG 42 Machine Gun Team
GrW 34 Mortar Team
Fallschirmpioneer Squad Paradrop
Medical Station
Selects Stuka Strafing Run
Grenadier Squad
Infanterie Officer Quarters
Construct Panzergrenadier Kompanie
Grenadier Squad
Selects Fallschirmjäger Squad Paradrop
Construct Luftwaffe Kompanie
Support Elements
Fallschirmpioneer Squad Paradrop
Nebelwerfer 42 Rocket Launcher Team
Wirbelwind Flakpanzer
Jäger Squad
Luftwaffe Officer Quarters
Selects Stuka Loiter
Jäger Squad
Twistybred
bosshugo
Scusi
Maxfunk05
jvyvyb
Yuzuki
Phantom_Eagle200
gUi
0
0
Comments
sign in to comment!
No comments posted yet!